 Dungeon Crawl Stone Soup version 0.13-a0-1590-g33f0eee (webtiles) character file.

733 Impy the Insei (level 7, -5/56 HPs)
             Began as a Gargoyle Monk on June 13, 2013.
             Slain by a worker ant (6 damage)
             ... on Level 4 of the Dungeon.
             The game lasted 00:12:09 (3730 turns).

Impy the Ruffian (Gargoyle Monk)                    Turns: 3730, Time: 00:12:09

HP  -5/56        AC  2     Str 11 (14) XL: 7   Next: 14%
MP   6/6         EV 13     Int 12      God:
Gold 243         SH 10     Dex 12      Spells:  0 memorised,  6 levels left

Res.Fire  : . . .   See Invis. : +     - Unarmed
Res.Cold  : + . .   Warding    : .   a - +0 robe
Life Prot.: + . .   Conserve   : .   n - +0 buckler
Res.Poison: .       Res.Corr.  : .   (no helmet)
Res.Elec. : .       Clarity    : .   (no cloak)
Sust.Abil.: . .     Spirit.Shd : .   (no gloves)
Res.Mut.  : .       Stasis     : .   (no boots)
Res.Rott. : .       Flight     : .   (no amulet)
Saprovore : . . .                    (no ring)
                                     q - ring of see invisible

@: mildly poisoned, very slightly contaminated, slightly resistant to hostile
enchantments, fairly stealthy
A: fangs 1, talons 2, cold resistance 1, life protection 1, slow metabolism 1,
petrification resistance, trample resistance
a: no special abilities


You were on level 4 of the Dungeon.
You were not hungry.

You visited 1 branch of the dungeon, and saw 4 of its levels.

You collected 243 gold pieces.

Inventory:

Armour
 a - a +0 robe (worn)
 n - a +0 buckler (worn)
Comestibles
 b - 3 bread rations
 d - a meat ration
 f - a pear
 m - a rotting chunk of orc flesh
Scrolls
 c - 3 scrolls of enchant armour {unknown}
 g - a scroll of remove curse
 i - a scroll of teleportation {unknown}
 j - 2 scrolls of identify
 l - 4 scrolls of enchant weapon II
 o - 2 scrolls of fog {unknown}
Jewellery
 q - a ring of see invisible (left hand)
Potions
 k - a potion of brilliance


   Skills:
 - Level 3.2 Fighting
 - Level 3.5 Dodging
 - Level 2.1 Stealth
 + Level 4.0 Shields
 - Level 6.6 Unarmed Combat


You had 6 spell levels left.
You didn't know any spells.

Dungeon Overview and Level Annotations

Branches:
Dungeon (4/27)
 Temple: D:4-7

Altars:


Innate Abilities, Weirdness & Mutations

You have very sharp teeth.
You have razor-sharp toenails.
Your flesh is cold resistant.
You resist negative energy.
You have a slow metabolism.
You are immune to petrification.
You are resistant to trampling.


Message History

* * * LOW HITPOINT WARNING * * *
The worker ant barely misses you.
Read which item? (? for menu, Esc to quit)
As you read the scroll labeled SUSHRU GHOAN, it crumbles to dust.
Blink to where?
Press: ? - help, Dir - move target cursor You are very lightly contaminated with residual magic.
It was a scroll of blinking.
A worker ant comes into view.
The worker ant twitches its antennae in your direction.
The worker ant bites you.
* * * LOW HITPOINT WARNING * * *
You are poisoned.
The worker ant poisons you!
* * * LOW HITPOINT WARNING * * *
You feel sick.
Drink which item? (? for menu, Esc to quit)
Okay, then.
The worker ant bites you.
You die...

.# ###.#.# #####. .#
##...#.# #..<#.# .#
#......# #...#.# .#
#......# ###.#.#
.###......#### #.#.#
.#.........a.####.#.#
.#............o.#.#.#
.#...........##a#.#.#
.#............#.@...#
.#............#...###
##............##.##
#####'#'#.###....#
.).o..#.#.# ######
#######.#.# #.#.###
#.#...# #######.#...#


You could see 2 worker ants and an orc.

Vanquished Creatures
  An ice beast (D:4)
  An ogre (D:4)
  3 orc wizards (D:4)
  3 orc priests (D:4)
  4 adders
  2 giant mites (D:3)
  A worm (D:3)
  4 giant geckos
  2 oozes
  7 orcs (D:4)
  4 giant cockroaches
  10 goblins
  9 hobgoblins
  12 kobolds
  A quokka (D:4)
  A ball python (D:4)
  7 bats
  6 giant newts
  A giant spore (D:3)
  A jackal (D:4)
  An orc skeleton (D:4)
  13 rats
94 creatures vanquished.

Vanquished Creatures (others)
  2 orcs
2 creatures vanquished.

Grand Total: 96 creatures vanquished

Notes
Turn   | Place    | Note
--------------------------------------------------------------
     0 | D:1      | Impy, the Gargoyle Monk, began the quest for the Orb.
     0 | D:1      | Reached XP level 1. HP: 17/17 MP: 0/0
   194 | D:1      | Reached XP level 2. HP: 21/24 MP: 1/1
   773 | D:1      | Reached skill level 5 in Unarmed Combat
   895 | D:2      | Reached XP level 3. HP: 30/30 MP: 2/2
  1338 | D:3      | Reached XP level 4. HP: 37/37 MP: 3/3
  1824 | D:3      | Reached skill level 1 in Shields
  2597 | D:4      | Reached XP level 5. HP: 40/44 MP: 4/4
  2864 | D:4      | Noticed an ice beast
  2889 | D:4      | Killed an ice beast
  2889 | D:4      | Reached skill level 6 in Unarmed Combat
  2889 | D:4      | Reached XP level 6. HP: 37/50 MP: 5/5
  3599 | D:4      | Reached XP level 7. HP: 22/56 MP: 6/6
  3725 | D:4      | HP: 2/56 [worker ant (4)]
  3730 | D:4      | Slain by a worker ant

Action                   |  1- 3 |  4- 6 |  7- 9 || total
-------------------------+-------+-------+-------++-------
Melee: Unarmed           |   108 |   183 |    15 ||   306
  Use: Potion            |     6 |     7 |     1 ||    14
       Scroll            |     4 |     3 |     1 ||     8
 Stab: Sleeping          |     2 |     1 |       ||     3
